 Dungeon Crawl Stone Soup version 0.32-a0-918-g0f22ef8d61 (webtiles) character file.

Game seed: 1178753076498484901

22705 Ruich the Skirmisher (level 13, 0/109 HPs)
             Began as a Coglin Hunter on Apr 10, 2024.
             Was the Champion of Jiyva.
             Slain by a cane toad (13 damage)
             ... on level 2 of the Lair of Beasts.
             The game lasted 00:24:22 (11186 turns).

Ruich the Skirmisher (Coglin Hunter)               Turns: 11186, Time: 00:24:23

Health: 0/109      AC:  8    Str: 11    XL:     13   Next: 2%
Magic:  13/13      EV: 17    Int: 10    God:    Jiyva [******]
Gold:   194        SH:  0    Dex: 22    Spells: 12/12 levels left

rFire   + . .        a - +3 sling {Tlalli}
rCold   + + +        d - +0 sling {Ingwe}
rNeg    . . .        w - +0 troll leather armour
rPois   .            (helmet restricted)
rElec   .            (no cloak)
rCorr   +            (no gloves)
SInv    .            (no boots)
Will    .....        (amulet unavailable)
Stlth   ++           (ring unavailable)
HPRegen 5.18/turn    (ring unavailable)
MPRegen 0.93/turn    (no gizmo)

%: no passive effects
@: revving
A: off-hand wielding, slow wielding, warmup strikes, no jewellery, antennae 1,
iridescent scales 1, cold resistance 2, fire resistance 1, regeneration 3,
shaggy fur 3
a: Invent Gizmo, Renounce Religion, Oozemancy, Slimify


You were on level 2 of the Lair of Beasts.
You worshipped Jiyva.
Jiyva was exalted by your worship.
You visited 2 branches of the dungeon, and saw 12 of its levels.

You collected 194 gold pieces.


Innate Abilities, Weirdness & Mutations

You can wield a second weapon in your off-hand.
It takes a long time for you to wield or remove held weapons.
Your first few attacks do less damage.
You cannot equip rings or amulets.
You have a pair of small antennae on your head.
You are partially covered in iridescent scales. (AC +2)
Your flesh is very cold resistant. (rC++)
Your flesh is heat resistant. (rF+)
You regenerate.
Your thick and shaggy fur keeps you warm. (AC +3, rC+)


   Skills:
 + Level 12.7 Fighting
 - Level 14.0 Ranged Weapons
 + Level 8.9 Dodging
 - Level 0.7 Stealth


You had 12 spell levels left.
You didn't know any spells.
Your spell library contained the following spells:

 Spells                   Type           Power      Damage    Failure   Level
 Apportation              Tloc           0%         N/A       45%         1
 Freeze                   Ice            0%         1d3       45%         1
 Necrotise                Necr           0%         1d4       45%         1
 Sting                    Conj/Alch      0%         1d3       45%         1
 Summon Small Mammal      Summ           0%         N/A       45%         1
 Call Imp                 Summ           0%         N/A       58%         2
 Sublimation of Blood     Necr           0%         N/A       58%         2
 Frozen Ramparts          Ice            0%         1d1       83%         3
 Hailstorm                Conj/Ice       0%         3d5       83%         3
 Ignite Poison            Fire/Alch      0%         N/A       99%         4
 Leda's Liquefaction      Alch/Erth      0%         N/A       99%         4
 Petrify                  Alch/Erth      0%         N/A       99%         4
 Sticky Flame             Fire/Alch      0%         2d4       99%         4
 Metabolic Englaciation   Hex/Ice        0%         N/A       100%        5
 Summon Hydra             Summ           0%         N/A       100%        7
 Ignition                 Fire           0%         3d3       100%        8

Inventory:

Hand Weapons
 a - a +3 sling (weapon) {Tlalli}
 d - a +0 sling (offhand) {Ingwe}
 i - a +6 spectral quarterstaff
Missiles
 z - 2 curare-tipped darts {=f}
Armour
 k - a +2 robe of fire resistance
 n - a +2 helmet
 s - a +2 robe of positive energy
 w - a +0 troll leather armour (worn)
 A - the +0 chain mail of Circular Logic {rElec}
   (You found it on level 9 of the Dungeon)

   rElec:     It insulates you from electricity.
 C - a +0 cloak
Wands
 l - a wand of flame (34)
 u - a wand of warping (4)
Scrolls
 b - a scroll of butterflies
 j - 8 scrolls of teleportation {@r2}
 o - a scroll of silence {!r}
 q - a scroll of amnesia
 t - 2 scrolls of fear
 x - 2 scrolls of identify {@r1}
 y - a scroll of fog
 B - a scroll of blinking {unknown}
Potions
 c - a potion of curing {@q1}
 e - 6 potions of magic
 f - a potion of cancellation {unknown}
 g - 2 potions of berserk rage {!q}
 h - 2 potions of brilliance
 m - a potion of might {unknown}
 p - 2 potions of attraction
 r - a potion of mutation {unknown}
 v - 3 potions of haste {unknown}

Dungeon Overview and Level Annotations

Branches:
Dungeon (10/15) Zot: 25465  Temple (0/1) D:4            Lair (2/5) D:9 Zot: 10869
  Swamp: Lair:2-3    Shoals: Lair:2-3     Snake: Lair:2-3    Spider: Lair:2-3
    Orc: D:9-12

Altars:
Ashenzari
Cheibriados
Elyvilon
Hepliaklqana
Makhleb
Trog
Uskayaw
Wu Jian
The Shining One
Jiyva

Shops:
D:1 *

Annotations:
D:3 1 runed translucent door, Crazy Yiuf
D:6 Maurice

.........###.# ..
.........#...# ## ... ..
.............##.#P............
..............#.#.............
..............................
..............................
..........#..........)........
.#.....P...F#.#.#............
##....###.F@## #......#....
##......##..#.## ##..........
#...............##......##...
....###..##..##...#.....###...
.... ###....#..........##....
... ##......P#P.........).
..P. ####.#.#..####..###.....
#...##.##'#.##.# #..#####....
##..P#.........#####.# #.....#


You could see 2 cane toads.


Message History

You feel very sick. The cane toad closely misses you.
Unknown command.
You feel extremely sick. The cane toad stings you! x2
You are more poisoned.
The cane toad poisons you!
You feel extremely sick. The cane toad barely misses you.
Unknown command.
You feel extremely sick.
Unknown command.
You feel extremely sick.
The cane toad attacks as it pursues you!
The cane toad barely misses you.
You feel very sick.
You feel very sick. The cane toad stings you!
* * * LOW HITPOINT WARNING * * *
You are more poisoned.
The cane toad poisons you! The cane toad stings you!!
* * * LOW HITPOINT WARNING * * *
You are lethally poisoned!
The cane toad poisons you! The cane toad stings you!
* * * LOW HITPOINT WARNING * * *
Unknown command.
Unknown command.
You feel better. The cane toad stings you!
You die...
Jiyva sends a jelly to digest your remains.

Skill      XL: |  1  2  3  4  5  6  7  8  9 10 11 12 |
---------------+-------------------------------------+-----
Ranged Weapons | 4 5 6 8 9 11 12 13 14 | 14.0
Fighting       | 3 4 5 6 8 9 10 12 | 12.7
Dodging        | 3 5 8 |  8.9
Stealth        | |  0.7

Action                     |  1- 3 |  4- 6 |  7- 9 | 10-12 | 13-15 || total
---------------------------+-------+-------+-------+-------+-------++-------
  Melee: Sling             |       |       |     6 |     4 |       ||    10
   Fire: Sling             |   156 |   192 |   744 |  1408 |    22 ||  2522
 Invoke: Oozemancy         |       |       |       |     1 |       ||     1
    Use: Scroll            |       |    10 |     3 |     4 |       ||    17
         Potion            |       |       |       |       |     1 ||     1
 Armour: Leather armour    |    11 |    16 |       |       |       ||    27
         Robe              |       |     7 |   156 |    44 |       ||   207
         Troll leather arm |       |       |       |   221 |    18 ||   239
  Dodge: Dodged            |    14 |    35 |    93 |   242 |    25 ||   409

Levels and vault maps discovered:
D:1:      dpeg_arrival_rooms_b, layout_basic, serial_shops, shop
D:2:      layout_basic, uniq_natasha
D:3:      layout_basic, shapermc_ecumenical_altar_acropolis, chequers_jeans,
          uniq_sigmund, uniq_jessica, uniq_crazy_yiuf_cottage, uniq_robin
D:4:      layout_loops_ring, lemuel_coloured_pillars_altar,
          minmay_temple_entry_trees
D:5:      layout_loops_ring, uniq_pikel, uniq_grinder, uniq_eustachio,
          uniq_duvessa
D:6:      hangedman_cross_stitches, layout_rooms, nicolae_uskayaw_dance_hall,
          mainiacjoe_overflow_alcove_1, chequers_serial_rivers_marsh,
          serial_bayou_pond_a, nrook_campfire
D:7:      layout_loops_ring, nicolae_hepliaklqana_monster_ancestors,
          mainiacjoe_overflow_catwalk_spiral, elyvilon_altar_1,
          uniq_prince_ribbit1, uniq_joseph, uniq_maurice
D:8:      layout_basic, minivault_22, minmay_crystal_room
D:9:      minmay_blocky_corners, layout_loops_ring, grunt_temple_overflow_open,
          minmay_lair_entry_grove, feat_on_display, uniq_grum
D:10:     minmay_distorted_concentric_squares, layout_cave_pools,
          gammafunk_ghost_cemetery, minmay_stone_trees_medium
Lair:1:   layout_roguey, st_stairs_6, minivault_25, grunt_megastairs_5,
          serial_bayou_shore_b
Lair:2:   layout_gridlike, minivault_24, serial_bayou_shore_a,
          grunt_megastairs_1, serial_bayou_shore_b, lemuel_fruit_tree

Notes
Turn   | Place    | Note
-------+----------+-------------------------------------------
     0 | D:1      | Ruich the Coglin Hunter began the quest for the Orb.
     0 | D:1      | Reached XP level 1. HP: 16/16 MP: 1/1
    38 | D:1      | Found Qedghyzi's Assorted Antiques.
    96 | D:1      | Reached XP level 2. HP: 19/22 MP: 2/2
   114 | D:1      | Reached skill level 4 in Ranged Weapons
   225 | D:1      | Reached XP level 3. HP: 28/28 MP: 3/3
   974 | D:2      | Noticed Natasha
   981 | D:2      | Killed Natasha
   982 | D:2      | Reached skill level 3 in Fighting
   982 | D:2      | Reached XP level 4. HP: 26/35 MP: 4/4
  1140 | D:2      | Noticed Natasha
  1144 | D:2      | Killed Natasha
  1237 | D:3      | Reached skill level 5 in Ranged Weapons
  1353 | D:3      | Noticed Robin
  1358 | D:3      | Killed Robin
  1359 | D:3      | Reached XP level 5. HP: 39/41 MP: 5/5
  1366 | D:3      | Noticed Jessica
  1388 | D:3      | Killed Jessica
  1695 | D:3      | Found a faded altar of an unknown god.
  1700 | D:3      | Prayed at the altar of an unknown god.
  1700 | D:3      | Became a worshipper of Jiyva Jide the Shapeless
  1700 | D:3      | Reached * piety under Jiyva
  1840 | D:3      | Noticed Sigmund
  1848 | D:3      | Killed Sigmund
  1849 | D:3      | Reached skill level 4 in Fighting
  1849 | D:3      | Reached skill level 6 in Ranged Weapons
  1849 | D:3      | Reached XP level 6. HP: 41/48 MP: 6/6
  2040 | D:3      | Found a runed translucent door.
  2041 | D:3      | Noticed Crazy Yiuf
  2413 | D:4      | Reached ** piety under Jiyva
  2431 | D:4      | Found a staircase to the Ecumenical Temple.
  2486 | D:4      | Reached XP level 7. HP: 46/55 MP: 7/7
  2970 | D:4      | Found a bloodstained altar of Trog.
  3095 | D:5      | Entered Level 5 of the Dungeon
  3106 | D:5      | Noticed Eustachio
  3116 | D:5      | Killed Eustachio
  3117 | D:5      | Reached skill level 5 in Fighting
  3117 | D:5      | Reached skill level 7 in Ranged Weapons
  3136 | D:5      | Noticed Pikel
  3206 | D:4      | Killed Pikel
  3207 | D:4      | Reached skill level 8 in Ranged Weapons
  3207 | D:4      | Reached XP level 8. HP: 30/64 MP: 8/8
  3261 | D:5      | Noticed Grinder
  3269 | D:5      | Killed Grinder
  3270 | D:5      | Reached skill level 6 in Fighting
  3279 | D:5      | Noticed Duvessa
  3280 | D:5      | Noticed Dowan
  3291 | D:5      | Killed Duvessa
  3295 | D:5      | Killed Dowan
  3417 | D:5      | Reached skill level 9 in Ranged Weapons
  3432 | D:5      | Reached XP level 9. HP: 66/71 MP: 9/9
  3763 | D:5      | Reached *** piety under Jiyva
  3981 | D:6      | Found a hide-covered altar of Uskayaw.
  4062 | D:6      | Reached skill level 7 in Fighting
  4069 | D:6      | Gained mutation: Your flesh is cold resistant. (rC+)
                  | [Jiyva's grace]
  4069 | D:6      | Gained mutation: Your flesh is very cold resistant. (rC++)
                  | [Jiyva's grace]
  4069 | D:6      | Gained mutation: Your flesh is almost immune to the effects
                  | of cold. (rC+++) [Jiyva's grace]
  4069 | D:6      | Gained mutation: You are partially covered in iridescent
                  | scales. (AC +2) [Jiyva's grace]
  4094 | D:6      | Found a burning altar of Makhleb.
  4755 | D:7      | Reached **** piety under Jiyva
  4779 | D:7      | Noticed a deep elf pyromancer
  4811 | D:7      | Killed a deep elf pyromancer
  4812 | D:7      | Reached skill level 10 in Ranged Weapons
  4890 | D:7      | Reached skill level 8 in Fighting
  4961 | D:7      | Found a hazy altar of Hepliaklqana.
  4989 | D:7      | Noticed Joseph
  4993 | D:7      | Noticed Prince Ribbit
  5019 | D:7      | Killed Prince Ribbit
  5042 | D:7      | Noticed Maurice
  5056 | D:7      | Maurice stole a +0 whip of freezing
  5059 | D:7      | Maurice stole 53 gold
  5067 | D:7      | Something stole a +0 kite shield
  5069 | D:7      | Something stole 232 gold
  5821 | D:7      | Killed Joseph
  5822 | D:7      | Reached skill level 11 in Ranged Weapons
  5822 | D:7      | Reached XP level 10. HP: 77/82 MP: 10/10
  5842 | D:7      | Found a snail-covered altar of Cheibriados.
  5856 | D:7      | Found a glowing golden altar of the Shining One.
  6159 | D:7      | Found a white marble altar of Elyvilon.
  6391 | D:8      | Reached ***** piety under Jiyva
  6631 | D:8      | Reached skill level 2 in Dodging
  6652 | D:8      | Reached skill level 9 in Fighting
  6833 | D:8      | Lost mutation: Your flesh is almost immune to the effects
                  | of cold. (rC+++) [Jiyva's grace]
  6833 | D:8      | Gained mutation: Your natural rate of healing is unusually
                  | fast. [Jiyva's grace]
  6833 | D:8      | Gained mutation: You heal very quickly. [Jiyva's grace]
  6833 | D:8      | Gained mutation: You regenerate. [Jiyva's grace]
  6833 | D:8      | Gained mutation: Your flesh is heat resistant. (rF+)
                  | [Jiyva's grace]
  7126 | D:9      | Reached skill level 3 in Dodging
  7135 | D:9      | Noticed a deep elf pyromancer
  7146 | D:8      | Killed a deep elf pyromancer
  7147 | D:8      | Reached skill level 12 in Ranged Weapons
  7468 | D:8      | Reached XP level 11. HP: 87/89 MP: 11/11
  7527 | D:8      | Reached skill level 4 in Dodging
  7795 | D:9      | Found a staircase to the Lair.
  7970 | D:9      | Found an ornate altar of the Wu Jian Council.
  7970 | D:9      | Found a broken altar of Ashenzari.
  7970 | D:9      | Noticed Grum
  7984 | D:9      | Killed Grum
  7985 | D:9      | Reached skill level 10 in Fighting
  8221 | D:9      | Reached skill level 13 in Ranged Weapons
  8333 | D:9      | Identified the +0 chain mail of Circular Logic {rElec}
  8456 | D:10     | Entered Level 10 of the Dungeon
  8473 | D:10     | Noticed a cyclops
  8711 | D:10     | Killed a cyclops
  8860 | D:10     | Noticed a two-headed ogre
  8871 | D:10     | Killed a two-headed ogre
  8872 | D:10     | Reached skill level 5 in Dodging
  9094 | D:10     | Noticed a skeletal warrior
  9104 | D:10     | Killed a skeletal warrior
  9323 | D:10     | Found a runed translucent gate.
  9324 | D:10     | Found a runed translucent gate.
  9325 | D:10     | Found a runed translucent gate.
  9364 | D:10     | Reached ****** piety under Jiyva
  9455 | D:10     | Noticed a deep elf pyromancer
  9465 | D:10     | Killed a deep elf pyromancer
  9758 | D:10     | Noticed ratmeat3's ghost (journeyman OpFi)
  9759 | D:10     | Noticed osoart's ghost (novice DgCj)
  9775 | D:10     | Killed ratmeat3's ghost
  9779 | D:10     | Killed osoart's ghost
  9780 | D:10     | Reached XP level 12. HP: 99/99 MP: 12/12
  9846 | Lair:1   | Entered Level 1 of the Lair of Beasts
  9846 | Lair:1   | Noticed a catoblepas
  9923 | D:9      | Killed a catoblepas
  9924 | D:9      | Reached skill level 6 in Dodging
 10018 | Lair:1   | Reached skill level 14 in Ranged Weapons
 10097 | Lair:1   | Reached skill level 11 in Fighting
 10186 | Lair:1   | Reached skill level 7 in Dodging
 10483 | Lair:1   | Gained mutation: You are covered in fur. (AC +1) [Jiyva's
                  | grace]
 10483 | Lair:1   | Gained mutation: You are covered in thick fur. (AC +2)
                  | [Jiyva's grace]
 10483 | Lair:1   | Gained mutation: Your thick and shaggy fur keeps you warm.
                  | (AC +3, rC+) [Jiyva's grace]
 10483 | Lair:1   | Gained mutation: You have a pair of small antennae on your
                  | head. [Jiyva's grace]
 10568 | Lair:1   | Reached skill level 12 in Fighting
 10691 | Lair:1   | Reached skill level 8 in Dodging
 11092 | Lair:2   | Noticed a four-headed hydra
 11110 | Lair:2   | Killed a four-headed hydra
 11142 | Lair:2   | Reached XP level 13. HP: 76/109 MP: 13/13
 11185 | Lair:2   | HP: 2/109 [cane toad (14)]
 11186 | Lair:2   | Slain by a cane toad

Vanquished Creatures
  A hydra (Lair:2)
  The ghost of ratmeat3 the Martial Artist, a journeyman OpFi of Gozag (D:10)
  A two-headed ogre (D:10)
  The ghost of osoart the Ducker, a novice DgCj (D:10)
  Pikel (D:4)
  2 deep elf pyromancers
  Joseph (D:7)
  4 black mambas
  6 cane toads
  6 komodo dragons
  A tengu conjurer (D:9)
  2 trolls
  3 polar bears
  Prince Ribbit (D:7)
  10 blink frogs (Lair:1)
  Grinder (D:5)
  Sigmund (D:3)
  A vampire (D:9)
  A shadow (D:8)
  5 wyverns
  A wraith (D:10)
  16 yaks
  Eustachio (D:5)
  2 basilisks
  Grum (D:9)
  4 vampire mosquitoes
  Duvessa (D:5)
  6 water moccasins
  2 orc warriors
  3 sky beasts
  2 black bears (D:9)
  2 ice beasts
  3 wolves (D:9)
  3 centaurs
  3 lemures
  3 kobold brigands
  7 bullfrogs
  2 gnoll sergeants
  A scorpion (D:9)
  Dowan (D:5)
  9 wights
  5 howler monkeys
  An electric eel (Lair:2)
  3 bombardier beetles
  2 hounds
  4 orc priests
  A gnoll bouda (D:4)
  A sleepcap (D:6)
  Jessica (D:3)
  6 iguanas
  Natasha (twice) (D:2)
  7 orc wizards
  Robin (D:3)
  6 adders
  15 gnolls
  A white imp (D:6)
  3 ufetubi
  3 dart slugs
  A ribbon worm (D:3)
  35 orcs
  6 endoplasms
  2 giant cockroaches
  10 goblins
  9 hobgoblins
  5 jackals (D:1)
  4 quokkas
  6 ball pythons
  5 bats
  5 frilled lizards
  14 kobolds
  4 rats
  A spectral kobold (D:7)
292 creatures vanquished.

Vanquished Creatures (collateral kills)
  A catoblepas (D:9)
  A skeletal warrior (D:10)
  A troll (D:10)
  A water moccasin (Lair:2)
  A bullfrog (D:8)
  4 wights (D:8)
9 creatures vanquished.

Vanquished Creatures (others)
  A deep elf pyromancer (D:7)
  A cyclops (D:10)
  A cane toad (Lair:1)
  2 slime creatures
  A water moccasin (D:6)
  A black bear (D:6)
  A centaur (D:10)
  A scorpion (D:6)
  22 jellies
  A gnoll (D:4)
  3 orcs
  2 endoplasms
  7 kobolds (D:9)
44 creatures vanquished.

Grand Total: 345 creatures vanquished

Table legend: (Time is in decaauts)
 A = Elapsed time spent in this place.
 B = Non-inter-level travel time spent in this place.
 C = Inter-level travel time spent in this place.
 D = Time resting spent in this place.
 E = Time spent auto-exploring this place.
 F = Levels seen in this place.
 G = Mean time per level.
                   A        B        C        D        E       F      G
               +--------+--------+--------+--------+--------+-----+--------+
         Total |  11093 |  10608 |    485 |   2506 |   5877 |  12 |  924.4 |
       Dungeon |   9963 |   9493 |    470 |   2292 |   5277 |  10 |  996.3 |
          Lair |   1129 |   1115 |     14 |    214 |    600 |   2 |  564.5 |
               +--------+--------+--------+--------+--------+-----+--------+

Top non-repeatable levels by time:
     D:6: 1452 daAuts
     D:3: 1254 daAuts
     D:9: 1249 daAuts
     D:8: 1210 daAuts
    D:10: 1175 daAuts
     D:7: 893 daAuts
  Lair:1: 831 daAuts
     D:5: 788 daAuts
     D:4: 770 daAuts
     D:2: 703 daAuts
     D:1: 465 daAuts
  Lair:2: 298 daAuts

Table legend:
 A = Non-vault XP
 B = Vault XP
 C = Vault XP percentage of total XP
 D = Non-vault monster count
 E = Vault monster count
 F = Vault count percentage of total count
                 A         B        C        D         E       F
            +---------+---------+-------+---------+---------+-------
      Total |   20203 |   12233 |  37.7 |     241 |      58 |  19.4
            +---------+---------+-------+---------+---------+-------
        D:1 |      40 |       0 |   0.0 |      25 |       0 |   0.0
        D:2 |      75 |      35 |  31.8 |      18 |       1 |   5.3
        D:3 |     112 |     292 |  72.3 |      13 |       8 |  38.1
        D:4 |     240 |     629 |  72.4 |      24 |       1 |   4.0
        D:5 |     369 |     688 |  65.1 |      10 |       4 |  28.6
        D:6 |     613 |     193 |  23.9 |      20 |       6 |  23.1
        D:7 |    1540 |     781 |  33.6 |      30 |       4 |  11.8
        D:8 |    2121 |     694 |  24.7 |      21 |       3 |  12.5
        D:9 |    3886 |    2005 |  34.0 |      39 |      14 |  26.4
       D:10 |    1191 |    4208 |  77.9 |       5 |       8 |  61.5
     Lair:1 |    7191 |    1661 |  18.8 |      27 |       6 |  18.2
     Lair:2 |    2825 |    1047 |  27.0 |       9 |       3 |  25.0
            +---------+---------+-------+---------+---------+-------
